 Dungeon Crawl Stone Soup version 0.17-a0-2208-ge5ab1d3 (webtiles) character file.

11685 abixa the Fighter (level 11, -4/130 HPs)
             Began as an Ogre Hunter on Oct 26, 2015.
             Was an Elder of Okawaru.
             Slain by a blink frog (10 damage)
             ... on level 2 of the Lair of Beasts.
             The game lasted 01:04:32 (15041 turns).

abixa the Fighter (Ogre Hunter)                    Turns: 15041, Time: 01:04:32

Health: -4/130     AC:  4    Str: 19    XL:     11   Next: 81%
Magic:  11/12      EV: 14    Int: 10    God:    Okawaru [****..]
Gold:   627        SH:  0    Dex: 13    Spells: 0 memorised, 10 levels left

rFire  . . .     SeeInvis +     R - +0 dire flail
rCold  . . .     Clarity  .     d - +0 robe
rNeg   + . .     SustAt   .     (no shield)
rPois  .         Gourm    .     v - +0 hat {SInv}
rElec  .         Spirit   .     Y - +0 cloak
rCorr  .         Warding  .     (gloves unavailable)
rMut   .         Stasis   .     (boots unavailable)
MR     +....                    (no amulet)
Stlth  ++........               N - ring of positive energy
                                J - ring of flight

@: heroism, somewhat resistant to hostile enchantments, unstealthy
A: unfitting armour, tough skin 1
a: Heroism, Renounce Religion, Evoke Flight


You were on level 2 of the Lair of Beasts.
You worshipped Okawaru.
Okawaru was greatly pleased with you.
You were not hungry.

You visited 3 branches of the dungeon, and saw 15 of its levels.

You collected 627 gold pieces.

Inventory:

Hand Weapons
 a - a +1 whip of electrocution
 b - a +0 blowgun
 t - a +2 whip of freezing
 R - a +0 dire flail (weapon)
 X - a +0 giant club
Missiles
 i - 426 stones (quivered)
 q - 2 javelins of returning
 y - 21 poisoned needles
 z - 2 throwing nets
 C - 7 curare-tipped needles
 G - 7 javelins of penetration
Armour
 d - a +0 robe (worn)
 v - a +0 hat of see invisible (worn)
 Y - a +0 cloak (worn)
Jewellery
 J - a ring of flight (left hand)
 N - a ring of positive energy (right hand)
Wands
 o - a wand of paralysis (18)
 p - a wand of fireball (6)
 s - a wand of polymorph (7)
 P - a wand of disintegration (11)
Scrolls
 c - 3 scrolls of fog
 g - a scroll of enchant armour
 j - 5 scrolls of remove curse
 l - a scroll of silence {unknown}
 m - 2 scrolls of teleportation
 r - a scroll of torment {unknown}
 u - 3 scrolls of identify
 D - a scroll of enchant weapon {unknown}
 E - a scroll of magic mapping {unknown}
 F - 2 scrolls of immolation {unknown}
 Q - 2 scrolls of fear {unknown}
 U - a scroll of blinking {unknown}
 V - a scroll of amnesia {unknown}
Potions
 f - a potion of flight
 h - a potion of curing
 w - a potion of ambrosia {unknown}
 A - a potion of mutation {unknown}
 B - a potion of magic {unknown}
 I - a potion of experience {unknown}
 K - a potion of lignification {unknown}
 L - a potion of brilliance {unknown}
 M - a potion of heal wounds {unknown}
 S - a potion of cancellation {unknown}
 W - a potion of berserk rage {unknown}
Books
 k - a Necronomicon

   Spells                             Type                      Level
   a - Haunt                          Necromancy/Summoning         7
   b - Borgnjor's Revivification      Necromancy                   8
   c - Death's Door                   Charms/Necromancy            8
   d - Necromutation                  Transmutation/Necromancy     8
Comestibles
 e - 7 bread rations
 H - 4 fruits
 O - a chunk of flesh


   Skills:
 + Level 14.1(19.1) Fighting
 - Level 14.0(19.0) Maces & Flails
 + Level 9.6(14.6) Throwing
 + Level 3.5(8.5) Dodging
 - Level 0.7(5.7) Stealth
 - Level 1.4 Invocations


You had 10 spell levels left.
You didn't know any spells.

Dungeon Overview and Level Annotations

Branches:
Dungeon (12/15)            Temple (1/1) D:5            Lair (2/8) D:8
    Orc: D:9-12

Altars:
Ashenzari
Cheibriados
Dithmenos
Elyvilon
Fedhas
Gozag
Kikubaaqudgha
Makhleb
Nemelex Xobeh
Okawaru
Qazlal
Ru
Sif Muna
Trog
Vehumet
Xom
Yredelemnul
Zin

Shops:
D:4 [

Annotations:
D:9 Erolcha
D:11 Urug


Innate Abilities, Weirdness & Mutations

You are too large for most types of armour.
You have tough skin (AC +1).


Message History

The blink frog momentarily phases out as the poisoned javelin passes through it.
The poisoned javelin hits the blink frog.
The blink frog looks even sicker.
The blink frog is severely wounded.
The blink frog hits you!
* * * LOW HITPOINT WARNING * * *
Throwing (i - inventory. (,) - cycle):
i - 427 stones (quivered)
Press: ? - help, Shift-Dir - straight line, f/p - blink frog
Aim: a blink frog (almost dead, poisoned)
You throw a stone. The stone hits the blink frog.
The blink frog is almost dead.
The blink frog hits you!
* * * LOW HITPOINT WARNING * * *
The blink frog blinks!
You puncture the blink frog!
You kill the blink frog!
Okawaru accepts your kill.
Your surroundings suddenly seem different.
The blink frog hits you!
You die...

.#.. .##### . # ...
...... ..#....
..... .#..#.. #....
.....#. .F.#
.......#P.#
.#P.........F.#
.....#......@#
....###...#.......#
#####....(###
#......##.#
(.......[###
##..####
.F.........## ..##
.....$.....P# ##.
.......#.P... ..
((......#F.# #.
...........##


You could see 2 blink frogs.

Vanquished Creatures
  A hydra (Lair:2)
  A hill giant (D:12)
  An ugly thing (D:11)
  2 komodo dragons
  2 spiny frogs (Lair:1)
  Grinder (D:6)
  Prince Ribbit (D:6)
  4 trolls
  9 blink frogs
  Sigmund (D:3)
  7 yaks
  A mottled dragon (D:12)
  5 hippogriffs
  4 porcupines
  3 water moccasins
  3 ice beasts
  5 orc warriors
  A phantom (D:5)
  3 ogres
  A crocodile (Lair:1)
  2 centaurs
  5 giant frogs
  A big kobold (D:8)
  4 scorpions
  5 wights (D:7)
  9 orc wizards
  5 crimson imps
  A hound (D:6)
  3 orc priests
  Crazy Yiuf (D:7)
  A quasit (D:10)
  3 jellies (D:8)
  3 centaur skeletons
  3 iguanas
  Natasha (D:3)
  8 worker ants
  2 hound skeletons
  A hound zombie (D:7)
  3 adders
  7 river rats
  A shadow imp (D:10)
  6 oozes
  3 giant geckos
  45 orcs
  10 bats
  6 goblins
  15 hobgoblins
  8 jackals
  15 kobolds
  2 quokkas
  4 giant cockroaches
  A giant gecko zombie (D:6)
  7 giant newts
  A quokka zombie (D:5)
  8 rats
  A fungus (Lair:1)
257 creatures vanquished.

Vanquished Creatures (others)
  An orc (D:8)
  A jackal skeleton (D:8)
  4 fungi (Lair:2)
6 creatures vanquished.

Grand Total: 263 creatures vanquished

Notes
Turn   | Place    | Note
--------------------------------------------------------------
     0 | D:1      | abixa the Ogre Hunter began the quest for the Orb.
     0 | D:1      | Reached XP level 1. HP: 22/22 MP: 1/1
    57 | D:1      | Reached XP level 2. HP: 14/31 MP: 2/2
   306 | D:1      | Reached skill level 1 in Maces & Flails
   530 | D:1      | Reached XP level 3. HP: 33/37 MP: 3/3
  1177 | D:2      | Found a white marble altar of Elyvilon.
  1616 | D:2      | Found an iron altar of Okawaru.
  1616 | D:2      | Found a shadowy altar of Dithmenos.
  1620 | D:2      | Became a worshipper of Warmaster Okawaru
  1993 | D:3      | Noticed Sigmund
  2033 | D:3      | Reached XP level 4. HP: 45/45 MP: 4/4
  2668 | D:3      | Noticed a scorpion
  2684 | D:3      | Killed a scorpion
  2684 | D:3      | Reached XP level 5. HP: 53/55 MP: 5/5
  2697 | D:3      | Noticed Natasha
  2716 | D:3      | Killed Natasha
  3052 | D:3      | Reached skill level 5 in Maces & Flails
  3473 | D:4      | Reached * piety under Okawaru
  3473 | D:4      | Reached skill level 5 in Fighting
  3473 | D:4      | Reached XP level 6. HP: 63/66 MP: 6/6
  3510 | D:4      | Found Atioruirey's Armour Shoppe.
  3595 | D:4      | Found an ancient bone altar of Kikubaaqudgha.
  4205 | D:5      | Entered Level 5 of the Dungeon
  4245 | D:5      | Found a staircase to the Ecumenical Temple.
  4267 | Temple   | Entered the Ecumenical Temple
  4401 | D:5      | Reached skill level 6 in Fighting
  4456 | D:5      | Found a basalt altar of Yredelemnul.
  4640 | D:5      | Found a sacrificial altar of Ru.
  4656 | D:5      | Reached skill level 1 in Invocations
  4828 | D:4      | Reached XP level 7. HP: 68/75 MP: 8/8
  5368 | D:6      | Reached skill level 7 in Maces & Flails
  5446 | D:6      | Noticed Prince Ribbit
  5682 | D:3      | Killed Sigmund
  6045 | D:5      | Reached skill level 8 in Fighting
  6045 | D:5      | Reached XP level 8. HP: 45/88 MP: 9/9
  6325 | D:6      | Noticed Grinder
  6426 | D:6      | Reached ** piety under Okawaru
  7035 | D:7      | Reached skill level 9 in Fighting
  7381 | D:7      | Reached skill level 5 in Throwing
  7717 | D:7      | Reached XP level 9. HP: 100/100 MP: 10/10
  7816 | D:7      | Noticed Crazy Yiuf
  7832 | D:7      | Killed Crazy Yiuf
  7998 | D:8      | Reached *** piety under Okawaru
  8102 | D:8      | Received a gift from Okawaru
  8144 | D:8      | Reached skill level 10 in Fighting
  8175 | D:8      | Reached skill level 10 in Maces & Flails
  8513 | D:8      | Found a staircase to the Lair.
  8568 | D:8      | Noticed a fire drake
  8843 | D:8      | You fall through a shaft for 3 floors!
  8891 | D:10     | Entered Level 10 of the Dungeon
  8969 | D:11     | Noticed Urug
  9006 | D:11     | Noticed a hill giant
  9044 | D:10     | You fall through a shaft for 2 floors!
  9402 | D:12     | Noticed a hill giant
  9421 | D:12     | Killed a hill giant
  9421 | D:12     | Reached skill level 11 in Fighting
  9475 | D:12     | Reached XP level 10. HP: 79/114 MP: 11/11
  9650 | D:12     | Received a gift from Okawaru
  9766 | D:11     | Noticed a centaur skeleton
  9772 | D:11     | Killed a centaur skeleton
  9772 | D:11     | Reached **** piety under Okawaru
  9822 | D:11     | Noticed a red ugly thing
  9838 | D:11     | Killed a red ugly thing
 10475 | D:11     | Received a gift from Okawaru
 10475 | D:11     | Reached skill level 12 in Fighting
 11377 | D:9      | Noticed Erolcha
 11873 | D:8      | Found a radiant altar of Vehumet.
 12217 | D:6      | Killed Prince Ribbit
 12217 | D:6      | Reached skill level 13 in Fighting
 12314 | D:6      | Killed Grinder
 12314 | D:6      | Reached XP level 11. HP: 100/127 MP: 12/12
 12442 | Lair:1   | Entered Level 1 of the Lair of Beasts
 13871 | Lair:1   | Received a gift from Okawaru
 14234 | Lair:2   | Reached skill level 14 in Maces & Flails
 14252 | Lair:2   | Reached ***** piety under Okawaru
 14546 | Lair:2   | Received a gift from Okawaru
 14936 | Lair:2   | Noticed a five-headed hydra
 14949 | Lair:2   | Killed a five-headed hydra
 15039 | Lair:2   | HP: 6/130 [blink frog (7)]
 15041 | Lair:2   | Slain by a blink frog

Vault maps used:
D:1:      minmay_arrival_cross
D:2:      gammafunk_temple_overflow_wave, elyvilon_altar_1
D:3:      first_bread, uniq_sigmund, uniq_natasha
D:4:      kiku_gazebo_pond_becter, serial_shops, shop
D:5:      lemuel_doored_altar, nicolae_ru_great_annihilating_truth,
          minmay_temple_entry_statues_pillars
D:6:      uniq_grinder, uniq_prince_ribbit1
D:7:      serial_park_tiny_2, uniq_crazy_yiuf_cottage
D:8:      fiery_altar_vehumet, minmay_lair_entry_lava,
          hangedman_little_slice_of_home
D:9:      tso_oasis_becter, hangedman_abyss_or_decor_stabs, uniq_erolcha
D:11:     basic_altar, uniq_urug
D:12:     kennysheep_treasure_stockpile, hiddenorc1_lemuel
Temple:   nicolae_temple_x_marks_the_god

Action                   |  1- 3 |  4- 6 |  7- 9 | 10-12 || total
-------------------------+-------+-------+-------+-------++-------
Melee: Short sword       |    49 |       |       |       ||    49
       Whip              |   106 |   128 |   274 |   163 ||   671
       Club              |     9 |       |       |       ||     9
       Dire flail        |       |       |       |   143 ||   143
 Fire: Blowgun           |       |    16 |    56 |    46 ||   118
Throw: Stone             |    16 |    17 |    73 |    85 ||   191
       Tomahawk          |       |     4 |     2 |    27 ||    33
       Javelin           |       |       |     5 |    26 ||    31
       Large rock        |       |       |     3 |    19 ||    22
Invok: Heroism           |       |       |     2 |     5 ||     7
  Use: Scroll            |       |       |     7 |     3 ||    10
 Stab: Sleeping          |     2 |     2 |     3 |     2 ||     9
       Invisible         |       |     1 |       |       ||     1
       Paralysed         |       |     1 |       |       ||     1
  Eat: Chunk             |     4 |     8 |    13 |    17 ||    42
       Fruit             |       |       |     1 |     2 ||     3
